 Dungeon Crawl Stone Soup version 0.29.0-11-gd7f09526c8 (webtiles) character file.

Game seed: 14970233985678165986

14005 Flugkiller the Cleaver (level 11, 101/101 HPs)
             Began as a Minotaur Fighter on Sept 4, 2022.
             Was an Initiate of Gozag.
             Quit the game on level 1 of the Lair of Beasts.
             The game lasted 00:06:54 (14108 turns).

Flugkiller the Cleaver (Minotaur Fighter)          Turns: 14108, Time: 00:06:54

Health: 101/101    AC: 19    Str: 26    XL:     11   Next: 83%
Magic:  10/10      EV: 11    Int:  5    God:    Gozag
Gold:   993        SH: 11    Dex: 21    Spells: 10/10 levels left

rFire   . . .      SeeInvis .   G - +5 war axe "Nackaaru" {vorpal, rPois Dex+6 Stlth+}
rCold   . . .      Faith    .   c - +0 buckler
rNeg    . . .      Spirit   .   r - +0 plate armour
rPois   +          Reflect  +   I - +2 hat
rElec   .          Harm     .   e - +1 cloak
rCorr   .          Rampage  .   (no gloves)
Will    .....                   (no boots)
Stlth   ..........              n - amulet of reflection
HPRegen 0.26/turn               D - ring of flight
MPRegen 0.12/turn               v - +6 ring of strength

@: flying
A: horns 2, retaliatory headbutt
a: Renounce Religion, Potion Petition, Call Merchant, Bribe Branch


You were on level 1 of the Lair of Beasts.
You worshipped Gozag.
Gozag was pleased with you.
You visited 3 branches of the dungeon, and saw 13 of its levels.
You also visited: Ossuary.

You collected 3278 gold pieces.
You paid 2285 gold pieces to Gozag.

Inventory:

Hand Weapons
 a - a +0 war axe
 G - the +5 war axe "Nackaaru" (weapon) {vorpal, rPois Dex+6 Stlth+}
   (You found it on level 7 of the Dungeon)

   It inflicts extra damage upon your enemies.
   Dex:       It affects your dexterity (+6).
   rPois:     It protects you from poison.
   Stlth:     It makes you more stealthy.
Missiles
 k - 16 boomerangs (quivered)
Armour
 c - a +0 buckler (worn)
 e - a +1 cloak (worn)
   (You took it off Crazy Yiuf on level 2 of the Dungeon)
 r - a +0 plate armour (worn)
   (You found it on level 11 of the Dungeon)
 H - the +1 buckler of Surprise {rF++ Int+5 Dex-5}
   (You found it on level 9 of the Dungeon)

   Int:       It affects your intelligence (+5).
   Dex:       It affects your dexterity (-5).
   rF:        It greatly protects you from fire.
 I - a +2 hat (worn)
   (You found it on level 10 of the Dungeon)
Jewellery
 n - an amulet of reflection (around neck)
   (You found it on level 2 of the Dungeon)
 v - a +6 ring of strength (right hand)
   (You found it on level 5 of the Dungeon)
 D - a ring of flight (left hand)
   (You found it on level 6 of the Dungeon)
 J - an amulet of magic regeneration
   (You found it on level 11 of the Dungeon)
Wands
 x - a wand of charming (13)
   (You found it on level 6 of the Dungeon)
Scrolls
 b - 2 scrolls of enchant weapon
 j - 5 scrolls of fear
 l - 5 scrolls of magic mapping
 m - a scroll of silence
 t - 5 scrolls of teleportation
 y - a scroll of immolation
 z - a scroll of blinking
 B - 2 scrolls of summoning
 E - a scroll of vulnerability {unknown}
 F - a scroll of brand weapon
Potions
 d - 6 potions of heal wounds {unknown}
 f - 3 potions of lignification {unknown}
 g - a potion of magic
 h - 3 potions of haste
 i - 2 potions of attraction {unknown}
 o - 3 potions of mutation {unknown}
 p - 3 potions of resistance {unknown}
 q - 7 potions of curing
 s - a potion of berserk rage {unknown}
 u - 3 potions of invisibility {unknown}
 w - 4 potions of degeneration {unknown}
 A - 4 potions of brilliance {unknown}
 C - a potion of ambrosia {unknown}


   Skills:
 + Level 10.7 Fighting
 * Level 14.2 Axes
 + Level 10.7 Armour
 + Level 6.0 Dodging
 - Level 3.6 Shields
 * Level 7.0 Evocations


You had 10 spell levels left.
You didn't know any spells.
Your spell library was empty.

Dungeon Overview and Level Annotations

Branches:
Dungeon (11/15)            Temple (1/1) D:5            Lair (1/5) D:11
    Orc (0/2) D:11        Ossuary (visited)

Altars:
Ashenzari
Cheibriados
Dithmenos
Elyvilon
Fedhas
Gozag
Hepliaklqana
Kikubaaqudgha
Makhleb
Nemelex Xobeh
Okawaru
Qazlal
Ru
Sif Muna
Trog
Uskayaw
Vehumet
Wu Jian
Xom
Yredelemnul
Zin
The Shining One

Shops:
Lair:1 ((=

Annotations:
D:3 3 runed translucent doors, tilp's ghost, amateur GnAM
D:10 1 runed translucent door, MoonlitKnight's ghost, journeyman TrGl


Innate Abilities, Weirdness & Mutations

You have a pair of horns on your head.
You reflexively headbutt those who attack you in melee.


Message History

You hit Nergalle.
Nergalle is moderately wounded.
You barely miss the spectral orc warrior.
You block Nergalle's attack.
You hit Nergalle. You headbutt Nergalle!
Nergalle is severely wounded.
You hit the spectral orc warrior.
The spectral orc warrior hits you with a +0 broad axe!
You slice Nergalle!!
You kill Nergalle!
The spectral orc warrior disappears in a puff of smoke!
The spectral orc disappears in a puff of smoke!
Your Evocations skill increases to level 7!
The orc warrior is distracted by your dazzling golden aura.
Things that are here:
5 gold pieces; a +0 dagger; a +1 robe of cold resistance The orc warrior shouts!
You slash the orc warrior!
The orc warrior is no longer distracted by gold.
The orc warrior is heavily wounded.
The orc warrior hits you but does no damage.
You slash the orc warrior! Your headbutt misses the orc warrior.
The orc warrior is almost dead.
You block the orc warrior's attack.
You hit the orc warrior.
The orc warrior is almost dead.
You block the orc warrior's attack.
You slash the orc warrior!
You kill the orc warrior!
Your Dodging skill increases to level 6!
You now have 3166 gold pieces (gained 8).
Things that are here:
a +0 scimitar; a +0 plate armour No target in view!
You now have 3171 gold pieces (gained 5).
Things that are here:
a +0 dagger; a +1 robe of cold resistance
Things that are here:
a +0 scimitar; a +0 plate armour You now have 3177 gold pieces (gained 6).
k - 16 boomerangs (gained 1)
You see here a +0 club.
You now have 3193 gold pieces (gained 16).
There is an open door, spattered with blood here.
Things that are here:
a +0 dagger; a curare-tipped dart; a +0 antimagic flail You see here a +0 club.
Things that are here:
a +0 scimitar; a +0 plate armour
Things that are here:
a +0 dagger; a +1 robe of cold resistance You see here a +0 giant club.
Things that are here:
a +0 whip; a +0 ring mail
Items here: )) [[[.
Items here: )) [[.
You see here a +0 giant spiked club.
You now have 3198 gold pieces (gained 5).
Things that are here:
a +0 club; a +0 leather armour You see here a +1 trident of distortion.
Found an escape hatch in the ceiling.
Done exploring.
Done exploring.
Done exploring.
Search for what [Enter for "plate", or ? for help]? .
Unknown command.
(D) Dungeon (T) Temple (L) Lair (O) Orcish Mines
Where to? (Enter - D:11 @ (x,y), ? - help)
What level of the Lair of Beasts? (default 1, ? - help)
There is an open door here.
Things that are here:
a +0 dagger; a +0 robe
Items here: )) [[.
There is an open door here.
There is an open door here.
There is an open door here.
There is a staircase to the Lair here.
You fly downwards.
Welcome to the Lair of Beasts!
There is a staircase back to the Dungeon here. [a] 667 gold - Zuulatufro's Weapon Boutique [b] 653 gold - Fyonev's Antique Weapon Emporium [c] 760 gold - Awyceal's Assorted Antiques Fund which merchant?
You no longer have enough gold to bribe branches to halt enemies' attacks and recruit allies.
Fyonev invites you to visit his Antique Weapon Emporium. [a] 927 gold - Xaociadi's Distillery [b] 766 gold - Tefiukos's Antique Weapon Boutique [c] 711 gold - Esysk's Weapon Shop Fund which merchant?
Tefiukos invites you to visit their Antique Weapon Boutique.
Enter note: :D Unknown command. [a] 1015 gold - Povoateu's General Store [b] 1195 gold - Winetos's Distillery [c] 786 gold - Woakah's Jewellery Emporium Fund which merchant?
You no longer have enough gold to fund merchants seeking to open stores in the dungeon.
Woakah invites you to visit his Jewellery Emporium.
Are you sure you want to abandon this character and quit the game? (Confirm with "yes".)

##....#
P....#
#....#
#....#
#....#
#....#
##....#
#.<∩∩@#
##....#
#....#
........
###.######
###


There were no monsters in sight!

Vanquished Creatures
  A hydra (D:11)
  2 two-headed ogres
  Urug (D:11)
  Nergalle (D:11)
  A manticore (D:11)
  A cyclops (D:11)
  2 komodo dragons
  4 trolls
  A spriggan (D:10)
  7 yaks (D:11)
  2 wraiths
  2 wyverns
  A basilisk (D:11)
  A steam dragon (D:10)
  8 vampire mosquitoes
  2 acid dragons
  Duvessa (D:5)
  6 orc warriors
  A sky beast (D:7)
  A black bear (D:11)
  An ice beast (D:8)
  6 ogres
  3 centaurs
  2 phantoms (D:5)
  6 kobold brigands
  2 gnoll sergeants (D:11)
  2 bullfrogs
  7 scorpions
  15 wights
  Dowan (D:5)
  14 killer bees
  10 electric eels
  A howler monkey (D:10)
  A hound (D:6)
  3 jellies
  4 orc priests
  Crazy Yiuf (D:2)
  4 iguanas
  Jessica (D:3)
  Terence (D:2)
  9 orc wizards
  3 mummies (Ossuary)
  Robin (D:2)
  11 gnolls
  10 adders
  2 ufetubi
  2 adder zombies (Ossuary)
  2 worms (D:5)
  4 dart slugs
  41 orcs
  3 endoplasms
  5 giant cockroaches
  12 goblins
  8 hobgoblins
  29 kobolds
  5 quokkas
  8 ball pythons
  12 bats
  A frilled lizard (D:1)
  4 goblin zombies (Ossuary)
  4 kobold zombies (Ossuary)
  An orc zombie (Ossuary)
  4 quokka zombies (Ossuary)
  2 rats
  3 rat zombies (Ossuary)
317 creatures vanquished.

Vanquished Creatures (collateral kills)
  A kobold (D:8)
1 creature vanquished.

Vanquished Creatures (others)
  7 fungi
  44 plants
51 creatures vanquished.

Grand Total: 369 creatures vanquished

Notes
Turn   | Place    | Note
-------+----------+-------------------------------------------
     0 | D:1      | Flugkiller the Minotaur Fighter began the quest for the
                  | Orb.
     0 | D:1      | Reached XP level 1. HP: 19/19 MP: 0/0
   192 | D:1      | Reached skill level 3 in Axes
   192 | D:1      | Reached XP level 2. HP: 27/27 MP: 1/1
   724 | D:2      | Reached XP level 3. HP: 33/33 MP: 2/2
  1079 | D:2      | Found a faded altar of an unknown god.
  1251 | D:2      | Found a white marble altar of Elyvilon.
  1299 | D:2      | Reached skill level 4 in Axes
  1325 | D:2      | Noticed Terence
  1330 | D:2      | Killed Terence
  1331 | D:2      | Reached XP level 4. HP: 40/41 MP: 3/3
  1393 | D:2      | Noticed Robin
  1403 | D:2      | Killed Robin
  1546 | D:2      | Found a runed translucent door.
  1547 | D:2      | Noticed Crazy Yiuf
  1637 | D:2      | Killed Crazy Yiuf
  1638 | D:2      | Reached skill level 5 in Axes
  1638 | D:2      | Reached XP level 5. HP: 40/47 MP: 4/4
  1748 | D:3      | Noticed Jessica
  1755 | D:3      | Killed Jessica
  1971 | D:3      | Reached skill level 5 in Fighting
  1971 | D:3      | Reached skill level 5 in Armour
  1997 | D:3      | Found a runed translucent gate.
  1997 | D:3      | Found a runed translucent gate.
  1997 | D:3      | Found a runed translucent gate.
  2043 | D:3      | Noticed tilp's ghost (amateur GnAM)
  2304 | D:3      | Found a sacrificial altar of Ru.
  2559 | D:4      | Reached XP level 6. HP: 30/56 MP: 5/5
  2563 | D:4      | Reached skill level 6 in Axes
  3079 | D:4      | Reached XP level 7. HP: 62/62 MP: 6/6
  3104 | D:4      | Reached skill level 7 in Axes
  4308 | D:4      | Found a broken altar of Ashenzari.
  4328 | D:5      | Entered Level 5 of the Dungeon
  4416 | D:5      | Found a staircase to the Ecumenical Temple.
  4423 | Temple   | Entered the Ecumenical Temple
  4584 | Temple   | Became a worshipper of Gozag Ym Sagoz the Greedy
  4669 | D:5      | Found a glowing golden altar of the Shining One.
  4872 | D:5      | Noticed Dowan
  4873 | D:5      | Noticed Duvessa
  4876 | D:5      | Reached skill level 8 in Axes
  4887 | D:5      | Killed Duvessa
  4888 | D:5      | Reached XP level 8. HP: 64/71 MP: 7/7
  4897 | D:5      | Killed Dowan
  5315 | D:5      | Reached skill level 9 in Axes
  5360 | D:5      | Found a shadowy altar of Dithmenos.
  6064 | D:6      | Found a sand-covered staircase.
  6111 | Ossuary  | Entered an ossuary
  6117 | Ossuary  | Reached skill level 10 in Axes
  6685 | D:7      | Identified the +5 war axe "Nackaaru" {vorpal, rPois Dex+6
                  | Stlth+}
  6695 | D:7      | Reached XP level 9. HP: 71/81 MP: 8/8
  7054 | D:7      | Found an iron altar of Okawaru.
  7702 | D:8      | Reached skill level 11 in Axes
  8020 | D:8      | Reached skill level 1 in Dodging
  8020 | D:8      | Reached skill level 1 in Evocations
  9042 | D:9      | Noticed a two-headed ogre
  9052 | D:9      | Killed a two-headed ogre
  9053 | D:9      | Reached XP level 10. HP: 51/91 MP: 9/9
  9286 | D:9      | Reached skill level 12 in Axes
  9322 | D:9      | Found a snail-covered altar of Cheibriados.
  9873 | D:9      | Identified the +0 leather armour of Happy Babbling {rC+
                  | rN++}
 10232 | D:9      | Identified the +1 buckler of Surprise {rF++ Int+5 Dex-5}
 10270 | D:10     | Entered Level 10 of the Dungeon
 10590 | D:10     | Found a runed translucent door.
 10591 | D:10     | Identified the +7 spear "Grim Tooth" {freeze, rElec}
 10591 | D:10     | Noticed MoonlitKnight's ghost (journeyman TrGl)
 11054 | D:10     | just why
 11167 | D:10     | Reached skill level 5 in Evocations
 11919 | D:10     | Identified a scroll of acquirement
 12022 | D:10     | Acquired 1005 gold pieces
 12024 | D:10     | unsurprisingly acq sucked
 12076 | D:11     | Noticed a manticore
 12083 | D:11     | Killed a manticore
 12084 | D:11     | Reached skill level 13 in Axes
 12092 | D:11     | Reached XP level 11. HP: 93/99 MP: 10/10
 12111 | D:11     | Reached skill level 10 in Fighting
 12377 | D:11     | Noticed a six-headed hydra
 12386 | D:11     | Killed an 11-headed hydra
 12387 | D:11     | Reached skill level 10 in Armour
 12699 | D:11     | Noticed a two-headed ogre
 12706 | D:11     | Killed a two-headed ogre
 12707 | D:11     | Reached skill level 5 in Dodging
 12762 | D:11     | Found a staircase to the Lair.
 13096 | D:11     | Noticed Urug
 13105 | D:11     | Killed Urug
 13421 | D:11     | Found a staircase to the Orcish Mines.
 13423 | D:11     | Noticed Nergalle
 13510 | D:11     | Reached skill level 14 in Axes
 13918 | D:11     | Killed Nergalle
 14101 | Lair:1   | Entered Level 1 of the Lair of Beasts
 14106 | Lair:1   | :D
 14108 | Lair:1   | Quit the game

Illustrated notes #....####### #..........# #.####.....♣ ♣# #. #....♣♣♣~♣. #.####..♣♣♣~~~~♣ #.....$♣♣♣♣≈~P~P #.....♣♣♣~~≈~~~P #....$♣~P~~≈≈~P~ #.##~$~~@~P≈≈≈≈P # ♣~~$PP~≈≈≈≈≈≈ $ ♣~~~~Ph~~≈~~~ ............... #..♣~~~~~~~~~~~~ #.♣~~≈≈≈≈~~~≈~~~ #.♣~P~~≈≈≈~♣♣♣~~ # ~~~P~~~♣♣♣ ♣~ Turn 11054 on D:10: just why

#.....#
#....#....#....#
'.....#
#....#....#.##.#
#.....#
#....#....'.##.#
#.....#
######....#.##.#
##....# ♣♣♣####'#....#
### ##....## ♣
♣♣.h#.....##### #..
#......# ♣♣.♣.i##.#...#
#.# #......#
♣....♣#⌠.#...# #..
#......# ♣..W#@.#...#
#.. #......#
♣...♣♣+......# #..
#......# ♣.. ♣i#......#
######.. #......# ♣♣
♣i♣#⌠.#(..# #.......
#......## ♣..♣##.....#
#....... #......'##
♣♣♣..#.....# #.......
#......#.####♣♣♣#.....#
#.......
#......#>...#####.....#
#.......
#......#..............#
#.##..##


Turn 12024 on D:10: unsurprisingly acq sucked ##....# P....# #....# #....#
#....# #....# ##....# #.<∩@.# ##....# #....# ........ ###.###### ### Turn 14106
on Lair:1: :D

Levels and vault maps discovered:
D:1:      erik_arrival_orb_chamber, layout_basic
D:2:      layout_basic, chequers_ecumenical_altar_twisty, basic_altar,
          uniq_crazy_yiuf_cottage, uniq_robin, uniq_terence
D:3:      layout_basic, nicolae_ru_the_path_less_chosen,
          gammafunk_ghost_necromancy, grunt_decor_one_mirror, nrook_campfire,
          uniq_jessica
D:4:      layout_loops_ring, nicolae_ashenzari_panopticon,
          chequers_serial_rivers_micro_b, roderic_lattice_a, roderic_batcave
D:5:      layout_loops_ring, mainiacjoe_overflow_boulevard,
          nicolae_dithmenos_the_darkroom, minmay_temple_entry_statues_fountains,
          uniq_duvessa
D:6:      layout_loops_ring, lightli_ossuary_entry_decrepit_ruins
D:7:      layout_basic, okawaru_ov_weapons_minmay
D:8:      layout_loops_ring, serial_bayou, serial_bayou_pond_a,
          serial_bayou_pond_d, serial_bayou_pond_e, serial_bayou_pond_a,
          serial_bayou_lake_a, dreamdust_deal_with_the_devil,
          wad_floor_pattern_2
D:9:      layout_basic, mainiacjoe_overflow_cross_hatched,
          chequers_serial_rivers_micro_a
D:10:     layout_stronghold, serial_bayou, serial_bayou_lagoon_b,
          serial_bayou_pond_e, serial_bayou_pond_d, serial_bayou_shore_b,
          serial_bayou_pond_b, ebering_ghost_funeral_grove, the_hattery
D:11:     layout_irregular_city, david_lair_generic,
          kennysheep_orc_monster_closet_entryway, uniq_urug, uniq_nergalle
Temple:   eino_temple_scatter_basement
Lair:1:   layout_regular_city, lemuel_centaur_altar

Skill      XL: |  1  2  3  4  5  6  7  8  9 10 11 |
---------------+----------------------------------+-----
Axes           | 3 4 5 6 8 10 11 13 14 | 14.2
Armour         | 4 5 6 7 9 10 | 10.7
Fighting       | 4 5 6 7 9 10 | 10.7
Dodging        | 2 4 6 |  6.0
Evocations     | 3 5 7 |  7.0
Shields        | |  3.6

Action                   |  1- 3 |  4- 6 |  7- 9 | 10-12 || total
-------------------------+-------+-------+-------+-------++-------
Melee: War axe           |    87 |   115 |   314 |   235 ||   751
       Headbutt          |     9 |    15 |    54 |    47 ||   125
Invok: Call Merchant     |       |       |       |     3 ||     3
Evoke: Wand              |       |       |     1 |     1 ||     2
  Use: Scroll            |       |     5 |    10 |     6 ||    21
       Potion            |       |     2 |       |       ||     2
 Stab: Distracted        |       |       |     1 |     1 ||     2
       Sleeping          |       |       |       |     1 ||     1
       Betrayed ally     |       |       |       |     1 ||     1
Armor: Scale mail        |    48 |    53 |    88 |       ||   189
       Chain mail        |       |       |       |    35 ||    35
       Plate armour      |       |       |       |    45 ||    45
Dodge: Dodged            |    33 |    58 |   108 |    69 ||   268
Block: Buckler           |    19 |    62 |   155 |   114 ||   350
       Reflection        |       |     4 |     6 |     5 ||    15
